[Event "SPICE Cup Open 2018"]
[Site "St. Louis"]
[Date "2018.10.25"]
[Round "4"]
[White "Liang, Awonder"]
[Black "Cordova, Emilio"]
[Result "1-0"]
[ECO "B31"]
[WhiteElo "2572"]
[BlackElo "2609"]
[Annotator "RC"]
[PlyCount "103"]
[EventDate "2018.10.22"]
[EventType "swiss"]
[EventCountry "USA"]
[SourceTitle "playchess.com"]
[Source "ChessBase"]
[SourceQuality "1"]
[TimeControl "5400+30"]

1. e4 c5 2. Nf3 Nc6 3. Bb5 g6 4. Bxc6 dxc6 5. d3 Bg7 6. Nc3 Nf6 7. O-O Nd7 8. Be3 b6 9. a4 a5 10. Qd2 h6 11. h3 e5 12. Nh2 Nf8 13. f4 exf4 14. Rxf4 Ne6 15. Rf2 Nd4 16. Raf1 Ra7 17. Ne2 Nxe2+ 18. Rxe2 Be6 19. b3 Rd7 20. Kh1 Qh4 21. Rf4 Qe7 22. Ref2 Kd8 23. Re2 Kc8 24. Rf1 Qd8 25. Qe1 g5 26. Qg3 Bf8 27. Ng4 Bd6 28. e5 Bc7 29. Nf6 Re7 30. Bg1 Kb7 31. Rfe1 Qf8 32. Ne4 Rd7 33. Nf6 Re7 34. c3 Qg7 35. Rb1 Bc8 36. d4 cxd4 37. cxd4 Qxf6 38. exf6 Rxe2 39. Qd3 Re6 40. b4 axb4 41. Rxb4 Rd8 42. d5 Rxd5 43. Qb3 Ka8 44. Rxb6 Bxb6 45. Qxb6 c5 46. Qc7 Bb7 47. Qxf7 Re2 48. Qf8+ Ka7 49. f7 Rc2 50. Qe7 Rf5 51. f8=Q Rxf8 52. Bxc5+ 1-0